AoeStats
← Iguano Pop

Arabia

507218341Analyzed
1v1 RM · 15d ago on Sep 17, 2026· 44m 18s· 2 players
Game mode
Random Map
Map size
Tiny (2 player)
Population
200
Speed
Normal
Resources
Standard
Victory
Conquest
Starting age
Dark Age
Ending age
Imperial Age
RankedLock teamsTeams togetherTeam positionsShared explorationLock speedFull tech treeHidden civsTurbo modeCheats
Victory
Defeat
🇧🇬 Georgians · Bulgaria
1321
+17
🇲🇽 Turks · Mexico
1338
-17
IYI_cptn
7:14 Loom
9:40 Feudal Age
10:22 Double-Bit Axe
10:27 Horse Collar
16:04 Forging
17:44 Scale Barding Armor
22:29 Castle Age
22:12 Bloodlines
22:12 Scale Mail Armor
23:04 Wheelbarrow
22:55 Light Cavalry
23:57 Chain Barding Armor
24:01 Husbandry
24:24 Bow Saw
27:46 Iron Casting
32:32 Hand Cart
39:01 Imperial Age
40:31 Plate Barding Armor
44:07 Cavalier
Iguano Pop
6:50 Loom
9:08 Feudal Age
9:57 Town Watch
9:59 Double-Bit Axe
20:05 Castle Age
21:01 Bloodlines
22:09 Fletching
23:19 Husbandry
28:54 Bodkin Arrow
32:13 Wheelbarrow
34:40 Ballistics
34:59 Padded Archer Armor
35:42 Thumb Ring
Connection lost

Rejoining the realm…

Still unreachable

The connection could not be restored.

Session expired

The server has moved on; the page needs a fresh start.